 Dungeon Crawl Stone Soup version 0.28.0-47-ge53b351184 (webtiles) character file.

Game seed: 15169699234012655194

10981 Zeld the Fighter (level 11, -4/92 (101) HPs)
             Began as a Black Draconian Monk on Apr 28, 2022.
             Was a Believer of Qazlal.
             Slain by a centaur warrior skeleton (6 damage)
             ... on level 11 of the Dungeon.
             The game lasted 00:12:21 (16008 turns).

Zeld the Fighter (Black Draconian Monk)            Turns: 16008, Time: 00:12:24

HP:   -4/92 (101)   AC:  9    Str: 24    XL:     11   Next: 43%
MP:   16/16         EV: 14    Int:  7    God:    Qazlal [**....]
Gold: 164           SH:  8    Dex: 13    Spells: 10/10 levels left

rFire   + . .      SeeInvis +   u - +10 scythe "Qolageow" {flame, rF+ rC+ Str+5 Int-3}
rCold   + . .      Faith    .   (shield currently unavailable)
rNeg    . . .      Spirit   .   (armour unavailable)
rPois   .          Reflect  +   F - +0 hat
rElec   +          Harm     .   H - +0 cloak
rCorr   .          Rampage  .   f - +0 pair of gloves
Will    .....                   (no boots)
Stlth   +++.......              i - amulet of reflection
HPRegen 0.25/turn               D - ring of see invisible
MPRegen 0.15/turn               (no ring)

@: drained
A: breathe lightning, AC +7, unfitting armour, electricity resistance,
cold-blooded
a: Breathe Lightning, Renounce Religion, Upheaval


You were on level 11 of the Dungeon.
You worshipped Qazlal.
Qazlal was pleased with you.
You visited 2 branches of the dungeon, and saw 12 of its levels.
You also visited: Sewer and Ice Cave.

You collected 681 gold pieces.
You spent 517 gold pieces at shops.

Inventory:

Hand Weapons
 u - the +10 scythe "Qolageow" (weapon) {flame, rF+ rC+ Str+5 Int-3}
   (You found it on level 5 of the Dungeon)

   It burns those it strikes, dealing additional fire damage.
   Big, fiery blades are also staple armaments of hydra-hunters.
   Str:       It affects your strength (+5).
   Int:       It affects your intelligence (-3).
   rF:        It protects you from fire.
   rC:        It protects you from cold.
 x - a +2 battleaxe of freezing
Armour
 f - a +0 pair of gloves (worn)
 F - a +0 hat (worn)
 H - a +0 cloak (worn)
Jewellery
 i - an amulet of reflection (around neck)
 v - a ring of protection from fire
 D - a ring of see invisible (left hand)
Wands
 h - a wand of polymorph (13)
 j - a wand of flame (13)
 w - a wand of iceblast (16)
Scrolls
 a - 2 scrolls of blinking {unknown}
 d - 5 scrolls of teleportation
 e - 7 scrolls of identify {unknown}
 g - a scroll of enchant armour {unknown}
 l - 3 scrolls of fog {unknown}
 m - a scroll of enchant weapon {unknown}
 n - 3 scrolls of silence {unknown}
 t - a scroll of amnesia {unknown}
 B - 3 scrolls of vulnerability {unknown}
 G - a scroll of summoning {unknown}
Potions
 b - 8 potions of curing {unknown}
 c - 2 potions of brilliance {unknown}
 k - 3 potions of flight {unknown}
 o - a potion of invisibility {unknown}
 p - 2 potions of magic {unknown}
 q - a potion of might
 r - 3 potions of lignification {unknown}
 s - a potion of attraction {unknown}
 A - a potion of degeneration {unknown}
 C - 2 potions of mutation {unknown}
 E - a potion of berserk rage {unknown}
Miscellaneous
 z - a box of beasts (inert)


   Skills:
 * Level 10.6 Fighting
 * Level 9.8 Axes
 + Level 6.5 Dodging
 + Level 6.6 Stealth
 + Level 6.8 Invocations
 + Level 6.2 Evocations


You had 10 spell levels left.
You didn't know any spells.
Your spell library was empty.

Dungeon Overview and Level Annotations

Branches:
Dungeon (11/15)            Temple (1/1) D:6            Lair (0/6) D:9
  Sewer (visited)           IceCv (visited)
    Orc: D:9-12

Altars:
Ashenzari
Cheibriados
Dithmenos
Elyvilon
Fedhas
Gozag
Hepliaklqana
Kikubaaqudgha
Makhleb
Nemelex Xobeh
Okawaru
Qazlal
Ru
Sif Muna
Trog
Uskayaw
Vehumet
Wu Jian
Xom
Yredelemnul
Zin
The Shining One

Shops:
D:5 :   D:7 [*

Annotations:
D:10 exclusion: death knight


Innate Abilities, Weirdness & Mutations

You can breathe wild blasts of lightning.
Your glossy black scales are hard. (AC +7)
You cannot fit into any form of body armour.
You are resistant to electric shocks. (rElec)
You are cold-blooded and may be slowed by cold attacks.


Message History

You burn the five-headed hydra.
The five-headed hydra is heavily wounded.
You block the five-headed hydra's attack.
The five-headed hydra bites you.
The five-headed hydra barely misses you.
The five-headed hydra bites you!
The five-headed hydra barely misses you.
A howler monkey skeleton comes into view.
You barely miss the five-headed hydra.
The five-headed hydra is heavily wounded.
The five-headed hydra bites you but does no damage.
You block the five-headed hydra's attack. x2
The five-headed hydra bites you.
* * * LOW HITPOINT WARNING * * *
The five-headed hydra barely misses you.
The five-headed hydra closely misses you.
The five-headed hydra bites you but does no damage.
You block the five-headed hydra's attack.
The five-headed hydra bites you!
* * * LOW HITPOINT WARNING * * *
The five-headed hydra bites you but does no damage.
Unknown command.
Okay, then.
You block the centaur warrior skeleton's attack.
The centaur warrior skeleton misses you.
The centaur warrior skeleton hits you!
* * * LOW HITPOINT WARNING * * *
The centaur warrior skeleton misses you.
The centaur warrior skeleton hits you.
* * * LOW HITPOINT WARNING * * *
You block the centaur warrior skeleton's attack.
The centaur warrior skeleton is engulfed in freezing vapours.
There is a stone staircase leading down here.
The centaur warrior skeleton hits you.
* * * LOW HITPOINT WARNING * * *
The centaur warrior skeleton kicks you but does no damage.
The five-headed hydra is engulfed in freezing vapours.
The five-headed hydra seems to slow down.
The centaur warrior skeleton hits you.
You die...

##.........#.##...$...Z#
#...)........###...##Z..
#.##...#......... #.#5Z
#.##...#...#..### ##...
#.##...##.##..# ##..
#.##...#.(.#..##### #..
#.##.....#°Z.5....####..
#.##.#.#ZD.#..###...Z5..
#.##..§@#.##..# #####...
#.####..#.##..# ##..[.
#.............#####.....
######..#.#.#...(.......
#........#.###.#...
#..........# #.....
#..........###.#.#.
#....8...#.......#.
##.......###.##).#.


You could see a five-headed hydra (slow), a white imp, a centaur warrior zombie
and a centaur warrior skeleton.

Vanquished Creatures
  Erolcha (D:9)
  A two-headed ogre (D:8)
  An ugly thing (IceCv)
  A cyclops (D:7)
  A gargoyle (D:11)
  A komodo dragon (D:9)
  2 trolls (D:6)
  4 polar bears (D:11)
  A hornet (D:10)
  A centaur simulacrum (D:11)
  2 shadows
  2 yaks
  A spriggan (D:11)
  A wyvern (D:9)
  2 humans (D:9)
  A steam dragon (D:6)
  2 acid dragons
  A water moccasin (D:7)
  4 orc warriors
  2 black bears
  3 ice beasts
  A hornet zombie (D:7)
  2 ogres
  3 sky beasts
  A necrophage (D:7)
  5 centaurs
  A gnoll sergeant (D:10)
  7 kobold brigands
  6 bullfrogs
  6 scorpions
  2 wyvern zombies (D:7)
  A wyvern skeleton (D:5)
  5 killer bees
  An elephant simulacrum (IceCv)
  An electric eel (D:11)
  4 wights
  4 howler monkeys
  6 centaur zombies
  A jelly (D:3)
  4 hounds
  3 gnoll shamans (D:7)
  2 orc priests (D:7)
  A bullfrog skeleton (D:6)
  Ijyb (D:3)
  Jessica (D:2)
  2 iguanas
  4 orc wizards
  A polar bear simulacrum (IceCv)
  2 killer bee zombies
  A hound skeleton (D:4)
  A howler monkey zombie (D:6)
  12 gnolls
  8 adders
  A shadow imp (D:7)
  5 white imps (D:11)
  3 ufetubi
  An adder skeleton (D:3)
  2 worms
  2 dart slugs
  22 orcs
  7 endoplasms
  8 giant cockroaches
  9 goblins
  12 hobgoblins
  6 jackals
  8 quokkas
  5 ball pythons
  11 bats
  6 frilled lizards
  42 kobolds
  A quokka skeleton (D:4)
  6 rats
292 creatures vanquished.

Vanquished Creatures (collateral kills)
  A death yak simulacrum (IceCv)
  A wolf simulacrum (IceCv)
2 creatures vanquished.

Vanquished Creatures (others)
  10 fungi
  11 plants
21 creatures vanquished.

Grand Total: 315 creatures vanquished

Notes
Turn   | Place    | Note
-------+----------+-------------------------------------------
     0 | D:1      | Zeld the Draconian Monk began the quest for the Orb.
     0 | D:1      | Reached XP level 1. HP: 19/19 MP: 1/1
   465 | D:1      | Reached XP level 2. HP: 26/26 MP: 2/2
   820 | D:1      | Reached XP level 3. HP: 27/31 MP: 3/3
  1102 | D:1      | Reached skill level 1 in Invocations
  1586 | D:2      | Noticed Jessica
  1601 | D:2      | Reached XP level 4. HP: 40/40 MP: 4/4
  1610 | D:2      | Killed Jessica
  1611 | D:2      | Reached skill level 4 in Fighting
  1839 | D:2      | Reached skill level 1 in Evocations
  2372 | D:3      | Reached XP level 5. HP: 35/46 MP: 6/6
  2454 | D:3      | Noticed Ijyb
  2482 | D:3      | Killed Ijyb
  2818 | D:3      | Found an opulent altar of Gozag.
  3195 | D:4      | Found a glowing drain.
  3208 | D:4      | Found a broken altar of Ashenzari.
  3232 | D:4      | Noticed a black bear
  3251 | Sewer    | Entered a sewer
  3707 | Sewer    | Reached XP level 6. HP: 51/53 MP: 7/7
  3877 | D:4      | Reached skill level 5 in Fighting
  4287 | D:4      | Reached skill level 5 in Axes
  4287 | D:4      | Your scales start taking on a glossy black colour.
  4287 | D:4      | Reached XP level 7. HP: 54/61 MP: 8/8
  4287 | D:4      | Gained mutation: You are resistant to electric shocks.
                  | (rElec) [Black Draconian growth]
  4883 | D:4      | Found the +2 hood of the Assassin {Detection Stab+ Stlth++}
  5233 | D:5      | Entered Level 5 of the Dungeon
  5368 | D:5      | Found Usasip's Book Emporium.
  5978 | D:5      | Reached skill level 6 in Fighting
  5978 | D:5      | Reached XP level 8. HP: 70/70 MP: 10/10
  6266 | D:5      | Identified the +10 scythe "Qolageow" {flame, rF+ rC+ Str+5
                  | Int-3}
  7189 | D:6      | Found a staircase to the Ecumenical Temple.
  7409 | Temple   | Entered the Ecumenical Temple
  7513 | D:6      | Found a sacrificial altar of Ru.
  7814 | D:6      | Noticed a troll
  7825 | D:6      | Killed a troll
  7826 | D:6      | Reached skill level 7 in Fighting
  8397 | D:7      | Reached XP level 9. HP: 66/79 MP: 12/12
  8824 | D:7      | Noticed a cyclops
  8855 | D:7      | Reached skill level 5 in Dodging
  8895 | D:7      | Found a shadowy altar of Dithmenos.
  8917 | D:7      | Reached skill level 8 in Fighting
  8931 | D:7      | Reached skill level 5 in Stealth
  8938 | D:7      | Noticed a troll
  8961 | D:6      | Killed a troll
  8962 | D:6      | Reached skill level 5 in Invocations
  9311 | D:7      | Found Zatesago's Gadget Gallery.
  9322 | D:7      | Bought a wand of acid (5) for 270 gold pieces
  9453 | D:7      | Killed a cyclops
  9454 | D:7      | Reached XP level 10. HP: 39/90 MP: 12/14
  9808 | D:7      | Found Boped's Antique Armour Shoppe.
 10310 | D:8      | Noticed a two-headed ogre
 10322 | D:8      | Killed a two-headed ogre
 10323 | D:8      | Reached skill level 9 in Fighting
 10323 | D:8      | Reached skill level 5 in Evocations
 11823 | D:9      | Found a staircase to the Lair.
 11992 | D:9      | Found an iron altar of Okawaru.
 12248 | D:7      | Bought a pair of ichor-stained gloves for 247 gold pieces
 12248 | D:7      | Identified the -1 pair of gloves "Fanior" {Harm Slay+2}
                  | (You bought it in a shop on level 7 of the Dungeon)
 12301 | D:9      | Found a burning altar of Makhleb.
 12303 | D:9      | Noticed a balrug
 12324 | D:9      | Noticed Erolcha
 12399 | D:9      | Killed Erolcha
 12400 | D:9      | Reached skill level 10 in Fighting
 12400 | D:9      | Reached XP level 11. HP: 94/99 MP: 15/15
 12571 | D:10     | Entered Level 10 of the Dungeon
 12818 | D:10     | Found a sparkling altar of Nemelex Xobeh.
 13393 | D:10     | Noticed a death knight
 13776 | D:10     | Found a basalt altar of Yredelemnul.
 13776 | D:10     | Found a stormy altar of Qazlal.
 13969 | D:10     | Became a worshipper of Qazlal Stormbringer
 13969 | D:10     | Reached * piety under Qazlal
 13969 | D:10     | Reached ** piety under Qazlal
 14077 | D:11     | Found a frozen archway.
 14086 | IceCv    | Entered an ice cave
 14086 | IceCv    | Noticed a white ugly thing
 14092 | IceCv    | Killed a white ugly thing
 14099 | IceCv    | Found a transporter.
 14179 | IceCv    | Noticed a white ugly thing
 14184 | IceCv    | Found a transporter.
 14765 | D:11     | Found a hazy altar of Hepliaklqana.
 14766 | D:11     | Found a faded altar of an unknown god.
 14774 | D:11     | Paralysed by a spriggan for 5 turns
 15462 | D:11     | Noticed an eight-headed hydra
 16008 | D:11     | HP: 2/92 [centaur warrior skeleton (6)]
 16008 | D:11     | Slain by a centaur warrior skeleton

Illustrated notes

Levels and vault maps discovered:
D:1:      dpeg_arrival_circle_labyrinth_c, layout_basic
D:2:      layout_loops_ring, minmay_pentomino_z2, uniq_jessica
D:3:      cheibrodos_old_hovel, layout_loops_ring, mainiacjoe_overflow_paths,
          minmay_increasing_density, uniq_ijyb
D:4:      layout_basic, ashenzari_altar_1, gup_sewer_entry_glass,
          nicolae_ossuary_entry_ruins
D:5:      layout_basic, serial_shops, nicolae_lakefront_shop, minivault_1
D:6:      layout_basic, nicolae_ru_the_path_less_chosen,
          minmay_temple_entry_fiery
D:7:      minmay_the_grid_plus_closed [minmay_the_grid_embedded,
          minmay_the_grid_holed_spiral, minmay_the_grid_x,
          minmay_the_grid_minigrid_large,
          minmay_the_grid_prize_four_corners_diamond_a], layout_gridville,
          grunt_dithmenos_shadows, serial_shops, kennysheep_little_box,
          hangedman_abyss_or_decor_stabs, nicolae_shop_gadgets
D:8:      layout_loops_corners
D:9:      layout_basic, okawaru_humans, makhleb_altar_promises_db,
          grunt_lair_entry_orc_guard_hut, uniq_erolcha
D:10:     layout_roguey, gammafunk_temple_overflow_elements,
          amcnicky_altar_gilded, minmay_misc_feat_columns,
          kennysheep_flooded_box
D:11:     layout_loops_ring, serial_ice, serial_ice_o, serial_ice_c,
          serial_ice_j, serial_ice_h, portal_ice_cave_entry_pillars_2,
          hangedman_weighted_door, beargit_hepliaklqana_dungeon_heroes
Temple:   nicolae_temple_god_jail

Skill      XL: |  1  2  3  4  5  6  7  8  9 10 11 |
---------------+----------------------------------+-----
Stealth        | 2 3 4 5 6 |  6.6
Invocations    | 1 2 3 4 5 6 |  6.8
Dodging        | 3 4 5 6 |  6.5
Fighting       | 4 5 6 7 8 10 | 10.6
Evocations     | 1 2 3 4 5 6 |  6.2
Axes           | 4 5 6 8 9 |  9.8

Action                   |  1- 3 |  4- 6 |  7- 9 | 10-12 || total
-------------------------+-------+-------+-------+-------++-------
Melee: Hand axe          |   132 |   258 |    97 |       ||   487
       Tailslap          |    16 |    28 |    26 |    23 ||    93
       Punch             |     2 |     3 |     1 |       ||     6
       Unarmed           |     1 |    10 |       |       ||    11
       Scythe            |       |       |   127 |   200 ||   327
 Abil: Breathe Lightning |       |       |    12 |     8 ||    20
Evoke: Wand              |       |     3 |       |     5 ||     8
       Box of beasts     |       |       |       |     1 ||     1
  Use: Potion            |       |       |     4 |     5 ||     9
       Scroll            |       |       |       |     3 ||     3
 Stab: Sleeping          |     4 |    10 |     7 |     6 ||    27
       Distracted        |       |       |     1 |       ||     1
Armor: Skin              |    60 |    99 |    81 |   111 ||   351
Dodge: Dodged            |   140 |   218 |   202 |   253 ||   813
Block: Other             |       |    90 |    79 |   106 ||   275
       Reflection        |       |     1 |     3 |     5 ||     9
